 Dungeon Crawl Stone Soup version 0.26-a0-438-g4b1dca4f87 (webtiles) character file.

Game seed: 258045231632822262

109 KristoblXynda the Slasher (level 4, 0/40 HPs)
             Began as a Draconian Monk on July 26, 2020.
             Slain by a river rat (8 damage)
             ... on level 3 of the Dungeon.
             The game lasted 00:02:54 (2131 turns).

KristoblXynda the Slasher (Draconian Monk)          Turns: 2131, Time: 00:02:54

Health: 0/40       AC:  5    Str: 13    XL:     4   Next: 59%
Magic:  4/4        EV: 13    Int: 12    God:
Gold:   63         SH:  0    Dex: 13    Spells: 3/3 levels left

rFire    . . .     SeeInvis .   a - +0 falchion
rCold    . . .     Faith    .   (no shield)
rNeg     . . .     Spirit   .   (armour unavailable)
rPois    .         Reflect  .   (helmet restricted)
rElec    .         Harm     .   (no cloak)
rCorr    .                      (no gloves)
MR       .....                  (no boots)
Stlth    ++........             (no amulet)
HPRegen  0.13/turn              b - ring of flight
MPRegen  0.09/turn              (no ring)

@: no status effects
A: unfitting armour, cold-blooded, AC +5
a: Evoke Flight


You were on level 3 of the Dungeon.
You visited 1 branch of the dungeon, and saw 3 of its levels.

You collected 63 gold pieces.

Inventory:

Hand Weapons
 a - a +0 falchion (weapon)
Jewellery
 b - a ring of flight (left hand)
Scrolls
 d - a scroll of amnesia {unknown}
 h - 3 scrolls of fear
 i - 2 scrolls of teleportation
 j - a scroll of remove curse {unknown}
 l - a scroll of enchant armour {unknown}
Potions
 c - a potion of mutation
 e - 2 potions of curing
 f - a potion of invisibility {unknown}
 g - a potion of lignification
 k - a potion of heal wounds {unknown}


   Skills:
 + Level 4.1 Fighting
 * Level 4.4 Long Blades
 + Level 3.3 Dodging
 - Level 1.7 Stealth


You had 3 spell levels left.
You didn't know any spells.
Your spell library was empty.

Dungeon Overview and Level Annotations

Branches:
Dungeon (3/15)

Altars:
Qazlal


Innate Abilities, Weirdness & Mutations

Your plain brown scales are hard. (AC +5)
You cannot fit into any form of body armour.
You are cold-blooded and may be slowed by cold attacks.


Message History

You closely miss the river rat.
The river rat is heavily wounded.
The river rat bites you. The rat bites you but does no damage.
You hit the river rat.
The river rat is almost dead.
The river rat bites you. The rat bites you but does no damage.
You barely miss the river rat.
The river rat is almost dead.
The river rat bites you. The rat barely misses you.
You riposte.
You hit the rat but do no damage.
The rat is moderately wounded.
You hit the river rat but do no damage.
Your tail-slap misses the river rat.
The river rat is almost dead.
The river rat bites you.
* * * LOW HITPOINT WARNING * * *
The rat closely misses you.
You hit the river rat but do no damage.
The river rat is almost dead.
The river rat bites you!
You die...

#.#
#.#####.####
#.#
#......#....
#.#
#######.####
#.###########.#
#.............#
###.###########
#.# ####.##
#r@...# #r###.#
#..$......#
#≈≈≈......#
#≈.≈≈≈....#
#≈≈≈≈≈≈...#
##++#≈≈...#
#≈≈≈..# #≈≈≈.##


You could see a river rat and a rat.

Vanquished Creatures
  A gnoll (D:1)
  4 adders
  2 oozes
  A dart slug (D:1)
  A leopard gecko (D:2)
  An orc (D:3)
  2 ball pythons
  4 bats
  A giant cockroach (D:1)
  8 goblins
  5 hobgoblins
  3 jackals (D:1)
  A quokka (D:2)
  3 frilled lizards
  5 kobolds (D:1)
  8 rats
50 creatures vanquished.

Notes
Turn   | Place    | Note
-------+----------+-------------------------------------------
     0 | D:1      | KristoblXynda the Draconian Monk began the quest for the
                  | Orb.
     0 | D:1      | Reached XP level 1. HP: 19/19 MP: 1/1
   204 | D:1      | Reached XP level 2. HP: 26/26 MP: 2/2
   387 | D:1      | Reached XP level 3. HP: 18/33 MP: 3/3
  1384 | D:2      | Reached XP level 4. HP: 28/40 MP: 4/4
  1492 | D:2      | Found a stormy altar of Qazlal.
  2131 | D:3      | Slain by a river rat

Illustrated notes

Levels and vault maps discovered:
D:1:      dpeg_arrival_simpleton_b, layout_rooms
D:2:      layout_loops_ring, grunt_qazlal_sundering
D:3:      layout_loops_ring, portal_sewer_entry_e, minivault_24

Skill      XL: |  1  2  3  4 |
---------------+-------------+-----
Dodging        | 3 |  3.3
Long Blades    | 4 |  4.4
Fighting       | 4 |  4.1
Stealth        | |  1.7

Action                   |  1- 3 |  4- 6 || total
-------------------------+-------+-------++-------
Melee: Falchion          |    96 |    69 ||   165
       Tailslap          |    13 |     8 ||    21
  Use: Scroll            |       |     5 ||     5
 Stab: Sleeping          |     4 |       ||     4
Armor: Skin              |    29 |    26 ||    55
Dodge: Dodged            |    84 |    56 ||   140
       Rpst.: Falchion   |    33 |    16 ||    49

Table legend: (Time is in decaauts)
 A = Elapsed time spent in this place.
 B = Non-inter-level travel time spent in this place.
 C = Inter-level travel time spent in this place.
 D = Time resting spent in this place.
 E = Time spent auto-exploring this place.
 F = Levels seen in this place.
 G = Mean time per level.
                   A        B        C        D        E       F      G
               +--------+--------+--------+--------+--------+-----+--------+
         Total |   2147 |   2123 |     24 |    545 |    987 |   3 |  715.7 |
       Dungeon |   2147 |   2123 |     24 |    545 |    987 |   3 |  715.7 |
               +--------+--------+--------+--------+--------+-----+--------+

Top non-repeatable levels by time:
     D:1: 955 daAuts
     D:2: 907 daAuts
     D:3: 284 daAuts
